 Dungeon Crawl Stone Soup version 0.31-a0-115-g4708a659fe (webtiles) character file.

Game seed: 16694074430455909384

575850 ebarrett the Slayer (level 27, -6/254 HPs)
             Began as a Hill Orc Cinder Acolyte on May 28, 2023.
             Was an Elder of Okawaru.
             Killed from afar by Ruzy the pandemonium lord (31 damage)
             ... with a bolt of dispelling energy
             ... on level 4 of a ziggurat on May 29, 2023.
             The game lasted 06:14:39 (82459 turns).

ebarrett the Slayer (Hill Orc Cinder Acolyte)      Turns: 82459, Time: 06:14:40

Health: -6/254     AC: 52    Str: 34    XL:     27
Magic:  0/36       EV: 17    Int: 14    God:    Okawaru [****..]
Gold:   5814       SH: 24    Dex: 16    Spells: 26/28 levels left

rFire   + . .        a - +9 demon whip of the Secret Servitors {freeze, Str+5}
rCold   + + +        D - +0 tower shield {AC+3}
rNeg    . . .        W - +10 plate armour {Will+}
rPois   +            F - +2 helmet of Faetwig {rC+ Will+}
rElec   +            w - +2 cloak
rCorr   +            v - +2 pair of gloves
SInv    +            N - +3 pair of mountain boots {steadfast, rC+}
Will    ++++.        Q - amulet of Zujikkiu {Spirit Contam rPois Dex+5 Slay+2} Stlth
                     U - ring of see invisible
HPRegen 0.62/turn    R - ring of the Decaying God {rElec rF+ rCorr Str-2 Dex+5}
MPRegen 0.25/turn

%: guardian spirit
@: mighty, heroic, finesse-ful, marked, studying Air Magic, silenced
A: cold resistance 2
}: 3/15 runes: decaying, serpentine, silver
a: Renounce Religion


You were on level 4 of a ziggurat.
You worshipped Okawaru.
Okawaru was greatly pleased with you.
You visited 10 branches of the dungeon, and saw 46 of its levels.
You visited 1 ziggurat, and saw 4 of its levels.
You also visited: Bailey, Gauntlet and Desolation.

You collected 9385 gold pieces.
You spent 3571 gold pieces at shops.

Inventory:

Hand Weapons
 a - the +9 demon whip of the Secret Servitors (weapon) {freeze, Str+5}
   (Okawaru gifted it to you on level 1 of the Elven Halls)

   Str:       It affects your strength (+5).
Missiles
 l - 11 boomerangs of dispersal
 p - 17 javelins (quivered)
 C - 8 silver javelins
 O - 4 curare-tipped darts
 P - 6 throwing nets
 Y - 11 silver boomerangs
Armour
 v - a +2 pair of gloves (worn)
 w - a +2 cloak (worn)
 D - a +0 tower shield of protection (worn)
 F - the +2 helmet of Faetwig (worn) {rC+ Will+}
   (You found it in a Gauntlet)

   rC:        It protects you from cold.
   Will:      It increases your willpower.
 N - the +3 pair of mountain boots (worn) {steadfast, rC+}
   (You found it on level 4 of the Depths)

   Steadfast: It prevents involuntary movement, except for blinking,
   teleportation, or banishment.
   rC:        It protects you from cold.
 W - a +10 plate armour of willpower (worn)
Jewellery
 u - the ring of the Queen {Fire Dex+4}
   (You took it off an orc wizard on level 5 of the Vaults)

   [ring of fire]

   It enhances your fire magic.
   Dex:       It affects your dexterity (+4).
   rF:        It protects you from fire.
   rC:        It makes you vulnerable to cold.
 y - the ring of Zazej {Fly EV+5 Dex+2}
   (You found it in the Desolation of Salt)

   [ring of evasion]

   EV:        It affects your evasion (+5).
   Dex:       It affects your dexterity (+2).
   Fly:       It grants you flight.
 Q - the amulet of Zujikkiu (around neck) {Spirit Contam rPois Dex+5 Slay+2}
   (You acquired it on level 3 of the Elven Halls)

   [amulet of guardian spirit]

   It causes incoming damage to be divided between your reserves of health and
   magic.
   Dex:       It affects your dexterity (+5).
   Slay:      It affects your accuracy & damage with ranged weapons and melee
   (+2).
   rPois:     It protects you from poison.
   Contam:    It causes magical contamination when unequipped.
 R - the ring of the Decaying God (right hand) {rElec rF+ rCorr Str-2 Dex+5}
   (You found it in the Desolation of Salt)

   [ring of protection from fire]

   Str:       It affects your strength (-2).
   Dex:       It affects your dexterity (+5).
   rF:        It protects you from fire.
   rElec:     It insulates you from electricity.
   rCorr:     It protects you from acid and corrosion.
 U - a ring of see invisible (left hand)
Wands
 i - a wand of mindburst (27)
 x - a wand of polymorph (12)
 E - a wand of acid (35)
 G - a wand of paralysis (37)
 V - a wand of iceblast (64)
Scrolls
 b - 2 scrolls of enchant armour
 c - 6 scrolls of blinking
 h - 22 scrolls of teleportation
 m - 5 scrolls of fog
 q - 5 scrolls of fear
 I - a scroll of silence
 X - 4 scrolls of poison
Potions
 d - 7 potions of enlightenment
 g - 13 potions of curing
 j - 8 potions of haste
 k - 7 potions of might
 s - 9 potions of ambrosia
 t - 2 potions of brilliance
 z - 4 potions of cancellation
 A - 2 potions of resistance
 H - 6 potions of mutation
 K - 3 potions of invisibility
 Z - 3 potions of magic
Miscellaneous
 B - a lightning rod (inert)
 L - a condenser vane (inert)
 S - a phial of floods


   Skills:
 - Level 22.0(27) Fighting
 - Level 19.0(25.8) Axes
 - Level 12.4(21.0) Maces & Flails
 - Level 19.9(24.9) Throwing
 - Level 20.6(25.6) Armour
 + Level 10.3(15.3) Dodging
 - Level 18.8(23.8) Shields
 - Level 1.0 Spellcasting
 - Level 3.2 Fire Magic
 + Level 19.5 Invocations
 + Level 10.9 Evocations


You had 26 spell levels left.
You knew the following spells:

 Your Spells              Type           Power      Damage    Failure   Level
a - Scorch                Fire           18%        2d6       32%         2

Your spell library contained the following spells:

 Spells                   Type           Power      Damage    Failure   Level
 Apportation              Tloc           0%         N/A       63%         1
 Freeze                   Ice            0%         1d3       63%         1
 Magic Dart               Conj           0%         1d3       63%         1
 Sandblast                Erth           0%         2d4       63%         1
 Shock                    Conj/Air       0%         1d3       63%         1
 Slow                     Hex            0%         N/A       63%         1
 Sting                    Tmut/Pois      0%         1d3       63%         1
 Blink                    Tloc           0%         N/A       77%         2
 Ensorcelled Hibernation  Hex/Ice        0%         N/A       77%         2
 Lesser Beckoning         Tloc           0%         N/A       77%         2
 Momentum Strike          Conj/Tloc      0%         3d8       77%         2
 Passwall                 Tmut/Erth      0%         N/A       77%         2
 Poisonous Vapours        Pois/Air       0%         N/A       77%         2
 Searing Ray              Conj           0%         2d4       77%         2
 Sublimation of Blood     Necr           0%         N/A       77%         2
 Wereblood                Tmut           0%         N/A       77%         2
 Inner Flame              Hex/Fire       5%         N/A       77%         3
 Dazzling Flash           Conj/Hex       0%         N/A       94%         3
 Frozen Ramparts          Ice            0%         1d1       94%         3
 Gell's Gravitas          Tloc           0%         N/A       94%         3
 Mephitic Cloud           Conj/Pois/Air  0%         N/A       94%         3
 Ozocubu's Armour         Ice            0%         N/A       94%         3
 Spider Form              Tmut/Pois      0%         N/A       94%         3
 Stone Arrow              Conj/Erth      0%         3d7       94%         3
 Swiftness                Air            0%         N/A       94%         3
 Teleport Other           Tloc           0%         N/A       94%         3
 Vhi's Electric Charge    Tloc/Air       0%         N/A       94%         3
 Flame Wave               Conj/Fire      5%         2d5       99%         4
 Sticky Flame             Conj/Fire      5%         2d3       99%         4
 Airstrike                Air            0%         2d(0-16)  100%        4
 Anguish                  Hex/Necr       0%         N/A       100%        4
 Cause Fear               Hex            0%         N/A       100%        4
 Fulminant Prism          Conj/Hex       0%         3d5       100%        4
 Ice Form                 Ice/Tmut       0%         N/A       100%        4
 Leda's Liquefaction      Hex/Erth       0%         N/A       100%        4
 Olgreb's Toxic Radiance  Pois           0%         N/A       100%        4
 Petrify                  Tmut/Erth      0%         N/A       100%        4
 Agony                    Necr           0%         N/A       100%        5
 Alistair's Intoxication  Tmut/Pois      0%         N/A       100%        5
 Borgnjor's Vile Clutch   Necr/Erth      0%         N/A       100%        5
 Freezing Cloud           Conj/Ice/Air   0%         6-21      100%        5
 Irradiate                Conj/Tmut      0%         3d11      100%        5
 Lee's Rapid Deconstruct  Erth           0%         3d4*      100%        5
 Metabolic Englaciation   Hex/Ice        0%         N/A       100%        5
 Silence                  Hex/Air        0%         N/A       100%        5
 Dispersal                Tloc           0%         N/A       100%        6
 Leda's Unmaking          Conj/Erth      0%         9d1       100%        6
 Statue Form              Tmut/Erth      0%         N/A       100%        6
 Enfeeble                 Hex            0%         N/A       100%        7
 Discord                  Hex            0%         N/A       100%        8
 Ignition                 Fire           4%         3d4       100%        8
 Lehudib's Crystal Spear  Conj/Erth      0%         10d2      100%        8
 Chain Lightning          Conj/Air       0%         N/A       100%        9
 Fire Storm               Conj/Fire      2%         8d1       100%        9
 Polar Vortex             Ice            0%         N/A       100%        9
 Shatter                  Erth           0%         3d5*      100%        9
 Summon Small Mammal      Summ           Unusable   N/A       N/A         1
 Animate Dead             Necr           Unusable   N/A       N/A         4
 Summon Ice Beast         Ice/Summ       Unusable   N/A       N/A         4
 Summon Forest            Summ/Tloc      Unusable   N/A       N/A         5
 Death Channel            Necr           Unusable   N/A       N/A         6
 Simulacrum               Ice/Necr       Unusable   N/A       N/A         6
 Summon Cactus Giant      Summ           Unusable   N/A       N/A         6
 Haunt                    Necr/Summ      Unusable   N/A       N/A         7
 Malign Gateway           Summ/Tloc      Unusable   N/A       N/A         7
 Summon Hydra             Summ           Unusable   N/A       N/A         7
 Summon Horrible Things   Summ           Unusable   N/A       N/A         8

Dungeon Overview and Level Annotations

Branches:
Dungeon (15/15)            Temple (1/1) D:4            Lair (5/5) D:9
  Swamp (4/4) Lair:3        Snake (4/4) Lair:2        Slime (0/5) Lair:4
    Orc (2/2) D:10            Elf (3/3) Orc:2        Vaults (5/5) D:14
  Crypt (3/3) Vaults:2       Tomb (0/3) Crypt:3      Depths (4/4) D:15
    Zot (0/5) Depths:4     Bailey (visited)         Desolation (visited)
Gauntlet (visited)

Altars:
Ashenzari
Cheibriados
Dithmenos
Elyvilon
Fedhas
Gozag
Hepliaklqana
Kikubaaqudgha
Makhleb
Nemelex Xobeh
Okawaru
Qazlal
Ru
Sif Muna
Trog
Uskayaw
Vehumet
Wu Jian
Xom
Yredelemnul
Zin
The Shining One
Beogh
Jiyva

Shops:
D:8 *   D:10 (   D:13 ?   D:15 !   Orc:1 ((   Orc:2 ?!?*   Vaults:2 (
Vaults:3 (   Vaults:4 **

Portals:
Hell: Lair:5 Depths:1 Depths:3 Depths:4
Abyss: D:9 Depths:3
Pandemonium: Depths:2 Depths:3 Depths:4
Trove: D:13 (give +6 demon whip)

Annotations:
D:9 2 runed translucent doors
Lair:3 exclusion: ice statue
Swamp:1 exclusion: downstairs
Vaults:2 1 runed translucent door, exclusion: door
Depths:1 36 runed doors, exclusion: 36 doors


Innate Abilities, Weirdness & Mutations

Your flesh is very cold resistant. (rC++)


Message History

Aim: a balrug, wielding a +1 antimagic demon whip (silenced, moderately wounded, unaffected by silence)
The thunderbolt hits the balrug!!
The balrug is heavily wounded.
The thunderbolt hits Ruzy.
Ruzy completely resists.
Ruzy is moderately wounded.
The thunderbolt hits the balrug!
The balrug is heavily wounded.
The thunderbolt hits the ynoxinul.
The ynoxinul resists.
The ynoxinul is moderately wounded.
You block Ruzy's attack. You block the balrug's attack. The balrug misses you.
You block Ruzy's attack.
Aiming: Thunderbolt
Press: ? - help, Shift-Dir - straight line, f - balrug, p - balrug
Aim: a balrug, wielding a +0 demon whip of flaming (silenced, heavily wounded, unaffected by silence)
The thunderbolt hits the balrug!!
The balrug is severely wounded.
The thunderbolt hits Ruzy.
Ruzy completely resists.
Ruzy is moderately wounded.
The thunderbolt hits the balrug!!
The balrug is almost dead.
The thunderbolt hits the ynoxinul!
The ynoxinul resists.
The ynoxinul is heavily wounded.
The lightning rod overheats!
You block the balrug's attack. The balrug completely misses you.
Ruzy gestures.
Ruzy's surroundings become eerily quiet.
The balrug hits you with a +0 demon whip of flaming!
* * * LOW HITPOINT WARNING * * *
You are engulfed in flames!
You resist.
* * * LOW HITPOINT WARNING * * *
The balrug burns you.
* * * LOW HITPOINT WARNING * * *
You block the balrug's attack.
You feel better. You block Ruzy's attack. The balrug gestures at you.
You block the sticky flame. You block the balrug's attack.
Ruzy gestures at you.
The bolt of dispelling energy hits you!!
Your magical effects are unravelling.
You die...

▓▓▓▓▓▓▓▓▓
▓.......▓
▓..§§§.§▓▓▓
........2@▓
(...§..§&2▓
!)§......3▓
??..§§...∩▓
$$........▓
..........▓
..........▓
▓.......▓▓▓
▓.......▓


You could see Ruzy (silencing, unsilenced), 2 balrugs and a ynoxinul
(unsilenced).

Vanquished Creatures
  3 dread liches
  An ancient lich (Depths:1)
  Mennas (Crypt:1)
  A royal mummy (Crypt:3)
  Josephina (Crypt:2)
  Sojobo (Arena)
  Frederick (Crypt:3)
  The ghost of Doumn the Epochal, a veteran GnFi of Cheibriados (Depths:4)
  Margery (Arena)
  Boris (thrice) (Vaults:2 Vaults:4 Crypt:1)
  Saint Roka (Vaults:5)
  Jory (Crypt:1)
  5 golden dragons
  Zenata (Vaults:2)
  3 tentacled monstrosities
  Mlioglotl (Swamp:3)
  5 liches
  5 deep elf blademasters
  4 titans
  An acid blob (Depths:4)
  2 quicksilver dragons
  A walking frostbound tome (Depths:3)
  Asterion (Vaults:2)
  2 deep elf master archers (Elf:3)
  2 ancient champions (Crypt:2)
  5 sphinxes
  3 shadow dragons
  The ghost of Drazool the Tortoise, an adept FoHu of Hepliaklqana (Snake:4)
  4 thorn hunters
  A fenstrider witch (Swamp:2)
  2 azure jellies (Depths:4)
  4 storm dragons
  7 tengu reavers
  A revenant (Depths:2)
  8 nagarajas
  2 rockslimes (Depths:4)
  9 frost giants
  5 fire giants
  A draconian knight (Depths:4)
  Louise (Swamp:3)
  An imperial myrmidon (Desolation)
  11 deep elf sorcerers
  A draconian scorcher (Zig:1)
  14 vault wardens
  2 angels (Elf:2)
  A draconian shifter (Depths:4)
  5 reapers (Crypt:3)
  6 ghouls (Crypt:2)
  A deep elf elementalist (Elf:3)
  A caustic shrike zombie (Crypt:3)
  20 ironbound preservers
  12 very ugly things
  3 quicksilver oozes (Depths:4)
  2 caustic shrike skeletons
  5 orc warlords
  A draconian annihilator (Depths:4)
  2 curse skulls (Crypt:3)
  9 stone giants
  3 war gargoyles
  A juggernaut skeleton (Depths:2)
  The ghost of Pixtaico the Unseen, an adept FeNe of Elyvilon (Vaults:4)
  2 spriggan defenders
  A black draconian (Depths:4)
  3 formless jellyfish
  4 eleionomae
  12 vampire knights
  6 deep elf demonologists (Elf:3)
  3 bunyips
  8 ironbound thunderhulks
  A red draconian (Depths:4)
  A yellow draconian (Depths:4)
  12 deep elf annihilators
  A minotaur (Gauntlet)
  3 halazid warlocks (Desolation)
  8 dire elephants
  A blizzard demon (Gauntlet)
  10 eidola
  4 crystal guardians
  13 jiangshi
  9 ettins
  5 ragged hierophants (Desolation)
  9 great orbs of eyes
  A spriggan zombie (Crypt:3)
  8 deep elf high priests
  10 fire dragons
  3 entropy weavers
  14 deep elf death magi
  17 yaktaur captains
  3 shambling mangroves
  21 hydras
  6 ice dragons
  33 vault guards
  2 servants of whispers (Desolation)
  2 fenstrider witch zombies (Crypt:3)
  A juggernaut simulacrum (Zig:2)
  3 salamander tyrants (Snake:4)
  10 peacekeepers
  A caustic shrike simulacrum (Crypt:2)
  A catoblepas (D:14)
  A rakshasa (D:14)
  2 spriggan air magi
  3 ogre magi
  A quicksilver dragon skeleton (Depths:2)
  3 ironbound frosthearts
  2 death knights (Crypt:2)
  16 centaur warriors
  2 ghost crabs
  The ghost of ShnitzelX3 the Ruffian, a novice TrAE of Zin (D:9)
  9 anacondas
  2 spriggan skeletons (Crypt:3)
  10 alligators
  10 naga warriors
  5 deep troll shamans
  10 two-headed ogres
  7 boulder beetles
  A hell hog (D:9)
  4 tengu warriors
  3 orc high priests
  6 deep troll earth magi
  27 dancing weapons
  A titan zombie (Depths:1)
  The ghost of gelatine the Skirmisher, a novice DsHs of Qazlal (D:10)
  2 death scarabs (Gauntlet)
  9 spriggan berserkers
  A storm dragon zombie (Depths:2)
  3 vampire magi
  14 deep elf knights
  7 naga sharpshooters
  4 shock serpents
  4 sun demons
  11 hell knights
  11 spriggans
  6 salamander mystics
  6 soul eaters
  19 skeletal warriors
  A spectral death yak (Lair:3)
  A titan skeleton (Crypt:3)
  3 iron trolls
  A fire crab (Snake:4)
  3 skysharks
  6 goliath frogs
  A shadow wraith (Vaults:5)
  A death drake (shapeshifter) (Vaults:5)
  4 glowing orange brains
  5 naga ritualists
  2 spectral hydras (Lair:3)
  3 spriggan druids (Swamp:3)
  51 deep trolls
  A sixfirhy (D:12)
  An anaconda zombie (Crypt:3)
  An obsidian statue (Vaults:4)
  6 wizards
  5 flayed ghosts
  2 bog bodies
  An orange crystal statue (D:9)
  10 swamp dragons
  2 tengu zombies
  An anaconda skeleton (Crypt:3)
  7 deep elf archers
  6 lindwurms
  18 ironbound convokers
  19 necromancers
  A harpy (Vaults:1)
  17 phantasmal warriors
  19 deep elf pyromancers
  A golden dragon skeleton (Depths:2)
  A mana viper (shapeshifter) (Depths:2)
  A spectral boulder beetle (Gauntlet)
  8 mana vipers
  6 wolf spiders
  15 orc knights
  7 orc sorcerers
  21 deep elf zephyrmancers
  A tengu skeleton (Depths:2)
  A sphinx zombie (Depths:2)
  Pikel (D:9)
  A shadow dragon zombie (Depths:1)
  3 cyclopes
  3 fire giant zombies
  A manticore (D:14)
  A sphinx skeleton (Crypt:2)
  15 ugly things
  A moth of wrath (shapeshifter) (Depths:3)
  5 will-o-the-wisps
  35 salamanders
  Maurice (D:10)
  3 frost giant skeletons (Depths:2)
  A fire giant skeleton (Crypt:2)
  A rust devil (Depths:3)
  2 moths of wrath
  A dire elephant skeleton (Crypt:3)
  29 black mambas
  18 naga magi
  24 vault sentinels
  A torpor snail (Lair:2)
  14 guardian serpents
  An eye of devastation (Depths:4)
  5 naga zombies
  14 elephants
  3 orange demons
  5 smoke demons
  10 cane toads
  2 stone giant skeletons
  4 gargoyles
  2 kobold demonologists (D:11)
  2 komodo dragons (shapeshifter)
  5 komodo dragons
  5 rime drakes (Lair:5)
  5 tengu conjurers
  2 guardian mummies
  A steelbarb worm zombie (Crypt:2)
  The ghost of pigah the Gusty, a novice OpWn of Gozag (D:5)
  An alligator snapping turtle skeleton (Crypt:3)
  An ancient zyme (D:9)
  35 yaktaurs
  A green draconian skeleton (Crypt:1)
  An unseen horror skeleton (Crypt:2)
  5 freezing wraiths
  2 efreet
  A tormentor (Depths:3)
  3 ice devils
  12 trolls
  2 merfolk
  2 red devils
  3 harpy zombies (Crypt:3)
  A meliai (shapeshifter) (D:14)
  A bloated husk (Swamp:4)
  7 tyrant leeches
  12 hornets
  13 hellwings (Crypt:3)
  3 harpy skeletons
  2 polar bears
  A hornet (shapeshifter) (Elf:2)
  2 tarantellas (Vaults:2)
  An ettin zombie (Crypt:3)
  A radroach zombie (Crypt:1)
  2 stone giant simulacra
  2 raiju (shapeshifter)
  A wind drake (shapeshifter) (D:13)
  A spectral elephant (Gauntlet)
  29 saltlings (Desolation)
  18 blink frogs
  A hydra skeleton (Crypt:3)
  8 dream sheep
  A spectral black mamba (Lair:3)
  44 slime creatures
  10 flying skulls
  A centaur simulacrum (Crypt:2)
  6 jumping spiders
  3 shadows
  An ushabti (Crypt:3)
  Sigmund (D:6)
  A ynoxinul (Depths:3)
  An ice dragon skeleton (Crypt:2)
  8 water elementals
  2 vampires
  2 ettin skeletons
  A hog (shapeshifter) (D:15)
  4 wraiths
  18 fire elementals
  A black mamba skeleton (Crypt:3)
  A chaos spawn (Depths:3)
  5 wyverns
  48 yaks
  6 basilisks
  A spectral komodo dragon (Lair:3)
  4 redbacks
  A neqoxec (D:9)
  Eustachio (D:4)
  16 vampire mosquitoes
  5 humans (D:14)
  3 steam dragons
  A two-headed ogre zombie (Crypt:1)
  Menkaure (D:4)
  A harpy simulacrum (Crypt:2)
  41 nagas
  A faun zombie (Crypt:1)
  6 wargs
  2 glowing shapeshifter zombies (Depths:2)
  A deep troll zombie (Crypt:1)
  19 swamp worms
  21 water moccasins
  An acid dragon (D:13)
  4 hell hounds (Lair:5)
  A naga skeleton (Crypt:1)
  2 human zombies
  2 sky beasts
  12 swamp drakes
  31 orc warriors
  12 ice beasts
  2 ettin simulacra (Crypt:2)
  A snapping turtle zombie (Crypt:2)
  A spectral torpor snail (Gauntlet)
  2 black bears
  7 ogres
  6 boggarts
  14 wolves
  4 lemures (D:9)
  20 centaurs
  7 kobold brigands
  A phantom (D:4)
  A salamander zombie (Crypt:1)
  A rime drake skeleton (Crypt:2)
  16 bullfrogs
  Blork the orc (D:4)
  3 necrophages (Crypt:2)
  11 gnoll sergeants
  An earth elemental (Elf:1)
  4 scorpions
  A naga simulacrum (Crypt:2)
  5 wyvern skeletons (Crypt:3)
  11 wights
  A small abomination (D:9)
  9 killer bees
  2 water moccasin skeletons (D:5)
  5 howler monkeys
  A wolf zombie (Crypt:1)
  5 electric eels
  3 lava snakes (Snake:4)
  5 jellies
  7 gnoll boudas
  6 hounds
  2 centaur skeletons
  24 orc priests
  3 sleepcaps
  A bullfrog skeleton (D:5)
  Ijyb (D:4)
  5 iguanas
  36 orc wizards
  2 mummies
  27 gnolls
  A steam dragon zombie (Crypt:2)
  4 adders
  A shadow imp (D:6)
  5 white imps (Lair:3)
  An ufetubus (D:6)
  A worm (D:2)
  2 dart slugs
  94 orcs
  5 bats
  2 endoplasms (D:2)
  3 giant cockroaches
  10 hobgoblins
  37 kobolds
  3 quokkas
  6 ball pythons
  A ball python skeleton (Crypt:2)
  An endoplasm zombie (Crypt:1)
  4 frilled lizards
  13 goblins
  7 rats
2166 creatures vanquished.

Vanquished Creatures (others)
  Nikola (Snake:1)
  A red draconian (Depths:4)
  A rakshasa (Depths:2)
  A hydra (Swamp:4)
  A goliath frog (Swamp:1)
  A black mamba (Snake:3)
  A bloated husk (Swamp:2)
  3 saltlings (Desolation)
  A naga simulacrum (Crypt:2)
  A human (D:14)
  A swamp worm (Swamp:2)
  26 foxfires
39 creatures vanquished.

Grand Total: 2205 creatures vanquished

Notes
Turn   | Place    | Note
-------+----------+-------------------------------------------
     0 | D:1      | ebarrett the Hill Orc Cinder Acolyte began the quest for
                  | the Orb.
     0 | D:1      | Reached XP level 1. HP: 19/19 MP: 2/2
   254 | D:1      | Reached skill level 4 in Fighting
   254 | D:1      | Reached XP level 2. HP: 27/27 MP: 3/3
   282 | D:1      | Learned a level 2 spell: Scorch
  1062 | D:1      | Reached XP level 3. HP: 26/34 MP: 4/4
  1655 | D:2      | Reached skill level 5 in Axes
  1679 | D:2      | Found a roughly hewn altar of Beogh.
  1827 | D:2      | Found a faded altar of an unknown god.
  2153 | D:3      | Reached skill level 1 in Armour
  2153 | D:3      | Reached XP level 4. HP: 38/41 MP: 5/5
  2264 | D:3      | Reached skill level 5 in Fighting
  2846 | D:3      | Reached XP level 5. HP: 45/48 MP: 6/6
  3060 | D:4      | Found a staircase to the Ecumenical Temple.
  3064 | D:4      | Noticed Menkaure
  3088 | D:4      | Killed Menkaure
  3089 | D:4      | Reached XP level 6. HP: 45/57 MP: 7/7
  3113 | D:4      | Identified the +5 scale mail of Fyavaq {Int+4 Stlth+}
  3205 | D:4      | Found a white marble altar of Elyvilon.
  3205 | D:4      | Found a shimmering altar of Xom.
  3211 | D:4      | Reached skill level 6 in Fighting
  3234 | Temple   | Entered the Ecumenical Temple
  3477 | D:4      | Noticed Blork the orc
  3477 | D:4      | Noticed Eustachio
  3493 | D:4      | Killed Eustachio
  3494 | D:4      | Reached XP level 7. HP: 64/64 MP: 8/8
  3497 | D:4      | Killed Blork the orc
  3529 | D:4      | Noticed Ijyb
  3551 | D:4      | Killed Ijyb
  3642 | D:4      | Reached skill level 7 in Fighting
  3925 | D:5      | Entered Level 5 of the Dungeon
  4434 | D:5      | Reached XP level 8. HP: 73/73 MP: 9/9
  4439 | D:5      | Found a glowing silver altar of Zin.
  4553 | D:5      | Found a runed translucent gate.
  4554 | D:5      | Found a runed translucent gate.
  4555 | D:5      | Found a runed translucent gate.
  4557 | D:5      | Noticed pigah's ghost (novice OpWn)
  5037 | D:6      | Reached skill level 5 in Maces & Flails
  5064 | D:6      | Noticed a gargoyle
  5179 | D:6      | Reached skill level 8 in Fighting
  5241 | D:6      | Reached skill level 5 in Armour
  5253 | D:6      | Noticed Sigmund
  5261 | D:6      | Killed Sigmund
  5270 | D:6      | Found a shimmering blue altar of Sif Muna.
  5367 | D:6      | Reached skill level 9 in Fighting
  5374 | D:6      | Reached XP level 9. HP: 83/83 MP: 10/10
  5606 | D:6      | Found a burning altar of Makhleb.
  5680 | D:6      | Found a snail-covered altar of Cheibriados.
  5941 | D:6      | Killed a gargoyle
  5951 | D:6      | Reached skill level 10 in Fighting
  6107 | D:7      | Found a broken altar of Ashenzari.
  7000 | D:7      | Reached XP level 10. HP: 94/94 MP: 11/11
  7280 | D:7      | Reached skill level 11 in Fighting
  7772 | D:8      | Found an opulent altar of Gozag.
  7895 | D:8      | Found Pibarez's Assorted Antiques.
  7913 | D:8      | Bought a scroll labelled CEH HUNKIJAOBBIC for 31 gold
                  | pieces
  7913 | D:8      | Bought 2 scrolls labelled ZIESTR NASIUJ for 62 gold pieces
  7913 | D:8      | Bought a small cabochon ring for 155 gold pieces
  7913 | D:8      | Bought a scroll of teleportation for 93 gold pieces
  8337 | D:9      | Found a transporter.
  8341 | D:9      | Found a one-way gate to the infinite horrors of the Abyss.
  8341 | D:9      | Noticed ShnitzelX3's ghost (novice TrAE)
  8359 | D:9      | Noticed a red ugly thing
  8373 | D:9      | Noticed a two-headed ogre
  8383 | D:9      | Killed a two-headed ogre
  8384 | D:9      | Reached skill level 12 in Fighting
  8420 | D:9      | Reached skill level 10 in Axes
  8424 | D:9      | Reached XP level 11. HP: 98/106 MP: 12/12
  8527 | D:9      | Found a runed translucent door.
  8548 | D:9      | Reached skill level 13 in Fighting
  8699 | D:9      | Found a runed translucent door.
  8713 | D:9      | Found a runed translucent door.
  8727 | D:9      | Found a runed translucent door.
  9045 | D:9      | Found a transporter.
  9047 | D:9      | Noticed a skeletal warrior
  9057 | D:9      | Noticed a hell hog
  9158 | D:9      | Noticed Pikel
  9194 | D:9      | Killed Pikel
  9345 | D:9      | Found a staircase to the Lair.
  9526 | D:10     | Entered Level 10 of the Dungeon
  9527 | D:10     | Found a staircase to the Orcish Mines.
  9628 | D:10     | Noticed Maurice
  9638 | D:10     | Killed Maurice
  9771 | D:10     | Found a flagged portal.
  9776 | Bailey   | Entered a bailey
  9958 | Bailey   | Reached skill level 14 in Fighting
 10398 | D:10     | Found Itwelew's Antique Weapon Emporium.
 10607 | D:10     | Found a transporter.
 10609 | D:10     | Noticed a tengu warrior
 10610 | D:10     | Noticed a moth of wrath
 10611 | D:10     | Noticed gelatine's ghost (novice DsHs)
 10615 | D:10     | Found a bloodstained altar of Trog.
 10623 | D:10     | Noticed a two-headed ogre
 10903 | D:10     | Found a transporter.
 11493 | D:11     | Noticed a sixfirhy
 11494 | D:11     | Noticed a sun demon
 11505 | D:11     | Reached XP level 12. HP: 53/118 MP: 13/13
 11866 | D:11     | Reached skill level 10 in Armour
 12100 | D:11     | Noticed a boulder beetle
 12114 | D:11     | Killed a boulder beetle
 12238 | D:11     | Found a glowing golden altar of the Shining One.
 12376 | Lair:1   | Entered Level 1 of the Lair of Beasts
 12436 | Lair:1   | Reached skill level 15 in Fighting
 13205 | Lair:1   | Reached skill level 1 in Evocations
 14117 | Lair:2   | Reached skill level 5 in Evocations
 14143 | Lair:2   | Identified the +0 plate armour of Sin {Str+4}
 14173 | Lair:2   | Found a staircase to the Snake Pit.
 14608 | Lair:3   | Reached XP level 13. HP: 93/127 MP: 14/14
 15007 | Lair:3   | Reached skill level 16 in Fighting
 15703 | Lair:3   | Reached skill level 15 in Axes
 15957 | Lair:3   | Found a staircase to the Swamp.
 16213 | Temple   | Fell from the grace of Ignis
 16213 | Temple   | Became a worshipper of Warmaster Okawaru
 16435 | Lair:4   | Identified the +8 trident of Blood {drain, rF+ Will++
                  | Dex-2}
 16483 | Lair:4   | Reached * piety under Okawaru
 16662 | Lair:4   | Found a staircase to the Slime Pits.
 16662 | Lair:4   | Found a viscous altar of Jiyva.
 16763 | Lair:4   | Reached skill level 17 in Fighting
 16956 | Lair:4   | Reached ** piety under Okawaru
 17654 | Lair:5   | Entered Level 5 of the Lair of Beasts
 17661 | Lair:5   | Reached skill level 1 in Invocations
 17663 | Lair:5   | Reached *** piety under Okawaru
 17678 | Lair:4   | Reached XP level 14. HP: 96/140 MP: 16/16
 17878 | Lair:5   | Reached skill level 5 in Invocations
 18573 | Lair:5   | Reached **** piety under Okawaru
 18608 | Lair:5   | Reached skill level 18 in Fighting
 18608 | Lair:5   | Reached XP level 15. HP: 150/150 MP: 21/21
 18949 | Lair:5   | Reached skill level 10 in Invocations
 19153 | Lair:5   | Reached skill level 1 in Throwing
 19287 | Lair:5   | Found a burning altar of Makhleb.
 19577 | Lair:5   | Found a gateway to Hell.
 19758 | Lair:5   | Reached ***** piety under Okawaru
 20276 | Orc:1    | Entered Level 1 of the Orcish Mines
 20320 | Orc:1    | Found Taesoinu's Antique Weapon Shoppe.
 20320 | Orc:1    | Noticed an orc warlord
 20534 | Orc:1    | Killed an orc warlord
 20535 | Orc:1    | Reached skill level 19 in Fighting
 20570 | Orc:1    | Found Losaunkir's Antique Weapon Shop.
 20623 | Orc:1    | Received a gift from Okawaru
 20975 | Orc:1    | You fall into a shaft and drop 1 floor!
 20975 | Orc:2    | Entered Level 2 of the Orcish Mines
 21264 | Orc:2    | Found a staircase to the Elven Halls.
 21318 | Orc:2    | Paralysed by an orc sorcerer for 3 turns
 21325 | Orc:2    | Paralysed by an orc sorcerer for 2 turns
 21558 | Orc:2    | Received a gift from Okawaru
 21977 | Orc:2    | Found Feumov's Magic Scroll Shoppe.
 21977 | Orc:2    | Found Gicuphy's Distillery.
 22016 | Orc:2    | Found Zejouh's General Store.
 22034 | Orc:2    | Found Vusewam's Magic Scroll Emporium.
 22186 | Orc:2    | Was forgiven by Ignis
 22421 | Orc:1    | Found a roughly hewn altar of Beogh.
 22991 | D:12     | Reached XP level 16. HP: 161/161 MP: 23/23
 23026 | D:12     | Received a gift from Okawaru
 23405 | D:12     | Reached skill level 15 in Armour
 23433 | D:12     | Identified the +1 hat of Leeg {-Tele rPois Regen+ Dex+6}
 24169 | D:13     | Reached skill level 5 in Throwing
 24179 | D:13     | Found a portal to a secret trove of treasure.
 24607 | D:13     | Found Aconkadgh's Magic Scroll Boutique.
 24939 | D:14     | Received a gift from Okawaru
 26339 | D:14     | Found a gate to the Vaults.
 26351 | D:14     | Identified the +2 great sword of Exoneration {antimagic,
                  | +Blink rN+ Will+}
 26539 | D:15     | Entered Level 15 of the Dungeon
 26555 | D:15     | Reached skill level 1 in Shields
 26569 | D:15     | Identified the +4 glaive of Excruciating Pain {flame,
                  | Str+3}
 26635 | D:15     | Found a gate leading to a gauntlet.
 26653 | Gauntlet | Entered a Gauntlet
 26653 | Gauntlet | Found a transporter.
 26681 | Gauntlet | Found a transporter.
 26695 | Gauntlet | Found a transporter.
 26699 | Gauntlet | Found a transporter.
 26701 | Gauntlet | Found a large runed translucent door.
 26701 | Gauntlet | Found a large runed translucent door.
 26702 | Gauntlet | Found a large runed translucent door.
 26703 | Gauntlet | Found a large runed translucent door.
 26703 | Gauntlet | Found a large runed translucent door.
 26703 | Gauntlet | Found a runed translucent door.
 26704 | Gauntlet | Found a large runed translucent door.
 26704 | Gauntlet | Found a runed translucent door.
 26705 | Gauntlet | Found a large runed translucent door.
 26705 | Gauntlet | Found a large runed translucent door.
 26706 | Gauntlet | Found a large runed translucent door.
 26707 | Gauntlet | Found a large runed translucent door.
 26708 | Gauntlet | Found a large runed translucent door.
 26708 | Gauntlet | Found a large runed translucent door.
 26709 | Gauntlet | Found a large runed translucent door.
 26709 | Gauntlet | Found a large runed translucent door.
 26710 | Gauntlet | Found a runed translucent gate.
 26710 | Gauntlet | Found a runed translucent gate.
 26710 | Gauntlet | Found a runed translucent gate.
 26712 | Gauntlet | Found a transporter.
 26722 | Gauntlet | Found a large runed translucent door.
 26723 | Gauntlet | Found a large runed translucent door.
 26731 | Gauntlet | Found a runed translucent gate.
 26732 | Gauntlet | Found a transporter.
 26732 | Gauntlet | Found a runed translucent gate.
 26733 | Gauntlet | Found a runed translucent gate.
 26747 | Gauntlet | Found a transporter.
 26751 | Gauntlet | Found a transporter.
 26751 | Gauntlet | Found the +2 pair of slick slippers {slick, slippery, EV+4}
 26752 | Gauntlet | Found a transporter.
 26761 | Gauntlet | Found a transporter.
 26772 | Gauntlet | Found a transporter.
 26809 | Gauntlet | Found a transporter.
 26895 | Gauntlet | Identified the ring "Kuteniad" {rCorr Int+3 Dex+3 Stlth-}
 27038 | Gauntlet | Identified the +2 helmet of Faetwig {rC+ Will+}
 27067 | Gauntlet | Reached skill level 5 in Shields
 27078 | Gauntlet | Identified the staff of poison "Vaomm" {rPois rC+ Int+3}
 27079 | Gauntlet | Got Sif Muna's Volume of United Weather
 27238 | D:15     | Identified the +4 scale mail "Vabbeit" {Dex+5} (Okawaru
                  | gifted it to you on level 15 of the Dungeon)
 27238 | D:15     | Received a gift from Okawaru
 27476 | D:15     | Found a staircase to the Depths.
 27764 | D:15     | Reached XP level 17. HP: 64/168 MP: 26/26
 28233 | D:15     | Found Ofiatozi's Distillery.
 28581 | D:15     | Upgraded the game from 0.31-a0-112-gdf0485fa37 to
                  | 0.31-a0-115-g4708a659fe
 28797 | Snake:1  | Entered Level 1 of the Snake Pit
 29565 | Snake:1  | Noticed Nikola
 29683 | Snake:1  | Killed Nikola
 33115 | Snake:3  | Received a gift from Okawaru
 33911 | Snake:4  | Entered Level 4 of the Snake Pit
 34089 | Swamp:1  | Entered Level 1 of the Swamp
 34716 | Swamp:1  | Reached XP level 18. HP: 169/176 MP: 27/27
 34853 | Swamp:1  | Identified the +2 battleaxe "Tormentor" {heavy, Stlth+}
                  | (Okawaru gifted it to you on level 1 of the Swamp)
 34853 | Swamp:1  | Received a gift from Okawaru
 34962 | Swamp:1  | Found the +8 Vampire's Tooth {megavamp}
 35457 | Arena    | Entered the Arena
 36703 | Swamp:3  | Reached skill level 10 in Throwing
 36760 | Swamp:3  | Found a radiant altar of Vehumet.
 36760 | Swamp:3  | Noticed Louise
 36807 | Swamp:3  | Killed Louise
 37301 | Swamp:3  | Noticed Mlioglotl
 37735 | Orc:2    | Bought a potion of curing for 39 gold pieces
 37735 | Orc:2    | Bought a potion of curing for 39 gold pieces
 37735 | Orc:2    | Gained mutation: You are vulnerable to cold. (rC-) [potion
                  | of mutation]
 37735 | Orc:2    | Gained mutation: Your system is resistant to poisons.
                  | (rPois) [potion of mutation]
 37735 | Orc:2    | Gained mutation: You are strong-willed. (Will+) [potion of
                  | mutation]
 37735 | Orc:2    | Gained mutation: You are covered in fur. (AC +1) [potion of
                  | mutation]
 37736 | Orc:2    | Lost mutation: You are vulnerable to cold. (rC-) [potion of
                  | mutation]
 37736 | Orc:2    | Lost mutation: You are strong-willed. (Will+) [potion of
                  | mutation]
 37736 | Orc:2    | Gained mutation: Your mind is acute. (Int +4, Str/Dex -1)
                  | [potion of mutation]
 37736 | Orc:2    | Gained mutation: You are vulnerable to heat. (rF-) [potion
                  | of mutation]
 37736 | Orc:2    | Gained mutation: You have sharp fingernails. [potion of
                  | mutation]
 37736 | Orc:2    | Gained mutation: You have a pair of small horns on your
                  | head. [potion of mutation]
 37737 | Orc:2    | Lost mutation: Your mind is acute. (Int +4, Str/Dex -1)
                  | [potion of mutation]
 37737 | Orc:2    | Lost mutation: Your system is resistant to poisons. (rPois)
                  | [potion of mutation]
 37737 | Orc:2    | Lost mutation: You are vulnerable to heat. (rF-) [potion of
                  | mutation]
 37737 | Orc:2    | Gained mutation: Your muscles are strong. (Str +4, Int/Dex
                  | -1) [potion of mutation]
 37737 | Orc:2    | Gained mutation: You expend magic power (3 MP) to
                  | strengthen your wands. [potion of mutation]
 37737 | Orc:2    | Gained mutation: You have a pair of horns on your head.
                  | [potion of mutation]
 37738 | Orc:2    | Lost mutation: You have a pair of horns on your head.
                  | [potion of mutation]
 37738 | Orc:2    | Lost mutation: You are covered in fur. (AC +1) [potion of
                  | mutation]
 37738 | Orc:2    | Gained mutation: Your mind is acute. (Int +4, Str/Dex -1)
                  | [potion of mutation]
 37738 | Orc:2    | Gained mutation: You passively dampen the noise of your
                  | surroundings. [potion of mutation]
 37739 | Orc:2    | Lost mutation: You passively dampen the noise of your
                  | surroundings. [potion of mutation]
 37739 | Orc:2    | Lost mutation: Your muscles are strong. (Str +4, Int/Dex
                  | -1) [potion of mutation]
 37739 | Orc:2    | Lost mutation: Your mind is acute. (Int +4, Str/Dex -1)
                  | [potion of mutation]
 37739 | Orc:2    | Gained mutation: You have hidden genetic potential. [potion
                  | of mutation]
 37740 | Orc:2    | Lost mutation: You have a pair of small horns on your head.
                  | [potion of mutation]
 37740 | Orc:2    | Lost mutation: You have hidden genetic potential. [potion
                  | of mutation]
 37740 | Orc:2    | Lost mutation: You expend magic power (3 MP) to strengthen
                  | your wands. [potion of mutation]
 37740 | Orc:2    | Gained mutation: Your flesh is cold resistant. (rC+)
                  | [potion of mutation]
 37740 | Orc:2    | Gained mutation: You are clumsy. (Dex -2) [potion of
                  | mutation]
 37748 | Orc:2    | Bought a potion of might for 52 gold pieces
 37748 | Orc:2    | Bought a potion of enlightenment for 65 gold pieces
 37748 | Orc:2    | Bought a potion of might for 52 gold pieces
 37750 | Orc:2    | Bought a scroll of enchant weapon for 105 gold pieces
 37750 | Orc:2    | Bought a scroll of teleportation for 42 gold pieces
 37751 | Orc:2    | Bought a scroll of enchant weapon for 97 gold pieces
 37751 | Orc:2    | Bought a scroll of fear for 52 gold pieces
 37861 | D:13     | Bought a scroll of enchant weapon for 105 gold pieces
 37923 | D:15     | Bought a potion of haste for 150 gold pieces
 37923 | D:15     | Bought a potion of haste for 150 gold pieces
 38133 | D:5      | Killed pigah's ghost
 38580 | Snake:4  | Found a large runed translucent door.
 38580 | Snake:4  | Found a large runed translucent door.
 38581 | Snake:4  | Noticed Drazool's ghost (adept FoHu)
 38630 | Snake:4  | Reached skill level 10 in Maces & Flails
 38862 | Snake:4  | Received a gift from Okawaru
 39169 | Snake:4  | Received a gift from Okawaru
 39679 | Snake:4  | Received a gift from Okawaru
 40106 | Snake:4  | Received a gift from Okawaru
 40448 | Snake:4  | Received a gift from Okawaru
 41255 | Snake:4  | Reached XP level 19. HP: 172/183 MP: 29/29
 41833 | Snake:4  | Received a gift from Okawaru
 42161 | Snake:4  | Reached skill level 10 in Shields
 42528 | Snake:4  | Got a serpentine rune of Zot
 42549 | Arena    | Entered the Arena
 42929 | Swamp:3  | Killed Mlioglotl
 43064 | Swamp:3  | Identified the +5 long sword of Aroo {freeze, +Blink Will+}
 43355 | Swamp:4  | Entered Level 4 of the Swamp
 44048 | Swamp:4  | Received a gift from Okawaru
 44618 | Swamp:4  | Got a decaying rune of Zot
 45007 | Elf:1    | Entered Level 1 of the Elven Halls
 45023 | Elf:1    | Received a gift from Okawaru
 46027 | Elf:1    | Identified the +9 demon whip of the Secret Servitors
                  | {freeze, Str+5} (Okawaru gifted it to you on level 1 of the
                  | Elven Halls)
 46027 | Elf:1    | Received a gift from Okawaru
 46701 | Elf:2    | Identified the +1 leather armour "Watt" {rC- Regen+ SInv
                  | Stlth+}
 46930 | Elf:2    | Reached XP level 20. HP: 193/193 MP: 30/30
 46991 | Elf:2    | Found a crumbling gateway.
 47039 | Elf:2    | Found a glowing golden altar of the Shining One.
 47039 | Elf:2    | Found a glowing silver altar of Zin.
 47040 | Elf:2    | Found a white marble altar of Elyvilon.
 47194 | Desolati | Entered the Desolation of Salt
 47223 | Desolati | Received a gift from Okawaru
 47234 | Desolati | Identified the amulet "Weogaari" {Acrobat Int+4}
 47633 | Desolati | Received a gift from Okawaru
 47855 | Desolati | Identified the ring of Zazej {Fly EV+5 Dex+2}
 47912 | Desolati | Got Sif Muna's Papyrus of Enthralling Rime
 47919 | Desolati | Identified the staff of air "Efoy" {rElec rF+ Str-2 Dex+6
                  | Stlth+}
 48142 | Desolati | Found the crystal ball of Wucad Mu {*channel}
 48143 | Desolati | Identified the scarf "Apytz" {+Inv, rElec Dex+5}
 48143 | Desolati | Identified the ring of Satyriasis {rC+ MP-9 Dex+6 Slay+2
                  | Stlth-}
 48167 | Desolati | Identified the +8 long sword of the Hand {elec, Str+4}
 48169 | Desolati | Identified the ring of the Decaying God {rElec rF+ rCorr
                  | Str-2 Dex+5}
 48173 | Desolati | Got the Lectures on the Blizzard and Toxins
 49019 | Elf:2    | Received a gift from Okawaru
 49130 | Elf:2    | Found a radiant altar of Vehumet.
 49363 | Elf:2    | Found a bloodstained altar of Trog.
 49612 | Elf:2    | Found a runed translucent gate.
 49620 | Elf:2    | Found a runed translucent gate.
 49620 | Elf:2    | Found a runed translucent gate.
 49833 | Elf:3    | Entered Level 3 of the Elven Halls
 50043 | Vaults:1 | Entered Level 1 of the Vaults
 50271 | Vaults:1 | Reached skill level 15 in Invocations
 50319 | Vaults:1 | Received a gift from Okawaru
 50408 | Vaults:1 | You are sucked into a shaft and drop 1 floor!
 50482 | Vaults:2 | Noticed Zenata
 50507 | Vaults:2 | Noticed Boris
 50797 | Vaults:2 | Received a gift from Okawaru
 50834 | Vaults:2 | Found a runed translucent door.
 51313 | Vaults:1 | Received a gift from Okawaru
 51470 | Vaults:1 | Received a gift from Okawaru
 51876 | Vaults:1 | Identified the +0 chain mail "Zegh" {Str+2} (Okawaru gifted
                  | it to you on level 1 of the Vaults)
 51876 | Vaults:1 | Received a gift from Okawaru
 52129 | Vaults:1 | Reached skill level 20 in Fighting
 52388 | Vaults:2 | Reached XP level 21. HP: 201/201 MP: 32/32
 52920 | Vaults:2 | Identified the +0 cloak of the Armadillo {rF+ Int+2}
 53025 | Vaults:2 | Killed Zenata
 53069 | Vaults:2 | Noticed Margery
 53070 | Arena    | Entered the Arena
 53079 | Arena    | Killed Margery
 53625 | Vaults:2 | Killed Boris
 53775 | Vaults:2 | Noticed Asterion
 53780 | Vaults:2 | Killed Asterion
 53822 | Vaults:2 | Found Tizarphuf's Antique Weapon Shop.
 54235 | Vaults:2 | Received a gift from Okawaru
 54510 | Vaults:2 | Received a gift from Okawaru
 54511 | Vaults:2 | Reached skill level 15 in Shields
 55018 | Vaults:2 | Found a staircase to the Crypt.
 55478 | Vaults:3 | Reached skill level 15 in Throwing
 56141 | Vaults:3 | Found Beriej's Weapon Shop.
 56427 | Vaults:3 | Received a gift from Okawaru
 56914 | Vaults:3 | Received a gift from Okawaru
 57040 | Vaults:4 | Noticed Sojobo
 57043 | Arena    | Entered the Arena
 57048 | Arena    | Paralysed by an air elemental for 1 turns
 57053 | Arena    | Killed Sojobo
 57286 | Vaults:4 | Found a runed translucent gate.
 57286 | Vaults:4 | Found a runed translucent gate.
 57286 | Vaults:4 | Found a runed translucent gate.
 57286 | Vaults:4 | Found an opulent altar of Gozag.
 57287 | Vaults:4 | Found Vuklatuh's Assorted Antiques.
 57287 | Vaults:4 | Noticed Pixtaico's ghost (adept FeNe)
 57288 | Vaults:4 | Found Idwoovupn's Assorted Antiques.
 57458 | Vaults:4 | Reached XP level 22. HP: 209/209 MP: 34/34
 57557 | Vaults:4 | Identified the ring "Cadwus" {MP+9 Str+3}
 57908 | Vaults:4 | Noticed Boris
 57930 | Vaults:4 | Killed Boris
 57933 | Vaults:4 | Received a gift from Okawaru
 58048 | Vaults:4 | Reached XP level 23. HP: 216/216 MP: 35/35
 58401 | Vaults:4 | Received a gift from Okawaru
 59134 | Vaults:4 | Killed Pixtaico's ghost
 59903 | Elf:3    | Received a gift from Okawaru
 60554 | Elf:3    | Identified the ring of Udghuk {Ice +Blink}
 60612 | Elf:3    | Received a gift from Okawaru
 60623 | Elf:3    | Identified the staff of poison "Suliuq" {Fragile rPois
                  | Str+4}
 60829 | Elf:3    | Identified a scroll of acquirement
 60875 | Elf:3    | Identified the +5 hand axe of Dixixis {flame, Str+3 Int+3}
 60881 | Elf:3    | Identified the ring "Bennam Xoodi" {rF+ rC+ Str+2}
 60886 | Elf:3    | Reached skill level 21 in Fighting
 61354 | Elf:3    | Identified the +11 great sword of Prudence {heavy, Contam
                  | rPois Str-2 Int+5}
 61422 | Elf:3    | Identified the +12 war axe of Kyikyo {holy, rElec rF+
                  | Int+3} (Okawaru gifted it to you on level 3 of the Elven
                  | Halls)
 61422 | Elf:3    | Received a gift from Okawaru
 62050 | Elf:3    | Got the Papyrus of Terrain and Conflict
 62052 | Elf:3    | Identified the staff of poison "Taoshrig" {rPois Will++
                  | SInv}
 62581 | Depths:1 | Entered Level 1 of the Depths
 62581 | Depths:1 | Noticed an ancient lich
 62581 | Depths:1 | Found a one-way gateway to a ziggurat.
 63193 | Depths:1 | Found a huge runed gate.
 63195 | Depths:1 | Found a huge runed gate.
 63195 | Depths:1 | Found a huge runed gate.
 63219 | Depths:1 | Found a huge runed gate.
 63220 | Depths:1 | Found a huge runed gate.
 63220 | Depths:1 | Found a huge runed gate.
 63221 | Depths:1 | Found a huge runed gate.
 63221 | Depths:1 | Found a huge runed gate.
 63221 | Depths:1 | Found a huge runed gate.
 63222 | Depths:1 | Found a huge runed gate.
 63223 | Depths:1 | Found a huge runed gate.
 63224 | Depths:1 | Found a huge runed gate.
 63225 | Depths:1 | Found a huge runed gate.
 63226 | Depths:1 | Found a huge runed gate.
 63227 | Depths:1 | Found a huge runed gate.
 63239 | Depths:1 | Found a huge runed gate.
 63239 | Depths:1 | Found a huge runed gate.
 63239 | Depths:1 | Found a huge runed gate.
 63240 | Depths:1 | Found a huge runed gate.
 63241 | Depths:1 | Found a huge runed gate.
 63242 | Depths:1 | Found a huge runed gate.
 63243 | Depths:1 | Found a huge runed gate.
 63244 | Depths:1 | Found a huge runed gate.
 63245 | Depths:1 | Found a huge runed gate.
 63254 | Depths:1 | Found a huge runed gate.
 63254 | Depths:1 | Found a huge runed gate.
 63254 | Depths:1 | Found a huge runed gate.
 63254 | Depths:1 | Found a huge runed gate.
 63254 | Depths:1 | Found a huge runed gate.
 63254 | Depths:1 | Found a huge runed gate.
 63255 | Depths:1 | Found a huge runed gate.
 63258 | Depths:1 | Found a huge runed gate.
 63299 | Depths:1 | Reached XP level 24. HP: 188/224 MP: 35/35
 63303 | Depths:1 | Found a huge runed gate.
 63309 | Depths:1 | Found a huge runed gate.
 63309 | Depths:1 | Found a huge runed gate.
 63309 | Depths:1 | Found a huge runed gate.
 64071 | Depths:2 | Received a gift from Okawaru
 64262 | Depths:2 | Paralysed by something for 2 turns
 64589 | Depths:2 | Found a one-way gate leading to the halls of Pandemonium.
 65631 | Depths:3 | Received a gift from Okawaru
 66099 | Depths:3 | Reached skill level 22 in Fighting
 66499 | Depths:3 | Received a gift from Okawaru
 67319 | Depths:4 | Entered Level 4 of the Depths
 67418 | Depths:3 | Received a gift from Okawaru
 67638 | Depths:4 | Received a gift from Okawaru
 68006 | Depths:4 | Found a runed translucent gate.
 68006 | Depths:4 | Found a runed translucent gate.
 68006 | Depths:4 | Found a runed translucent gate.
 68008 | Depths:4 | Noticed Doumn's ghost (veteran GnFi)
 68109 | Depths:4 | Found a viscous altar of Jiyva.
 68970 | Depths:4 | Found the +3 pair of mountain boots {steadfast, rC+}
 69250 | Depths:4 | Found a stormy altar of Qazlal.
 69422 | Depths:4 | Reached XP level 25. HP: 232/238 MP: 35/35
 69505 | Depths:4 | Found a gate to the Realm of Zot.
 69531 | Depths:4 | Acquired the amulet of Zujikkiu {Spirit Contam rPois Dex+5
                  | Slay+2}
 69903 | Vaults:5 | Entered Level 5 of the Vaults
 69925 | Vaults:5 | Received a gift from Okawaru
 69926 | Vaults:5 | Reached skill level 1 in Dodging
 69978 | Vaults:5 | Noticed Saint Roka
 70189 | Vaults:5 | Received a gift from Okawaru
 70488 | Vaults:5 | Reached skill level 5 in Dodging
 70493 | Vaults:5 | Identified the +1 ring mail of Relativism {rF++ Str-2}
 70498 | Vaults:5 | Got a silver rune of Zot
 70640 | Vaults:5 | Received a gift from Okawaru
 70644 | Vaults:5 | Identified the +2 robe of Oteneut {rC+}
 70770 | Vaults:5 | Identified the +7 dagger "Zuxoic" {flame, Dex+4}
 71256 | Vaults:5 | Received a gift from Okawaru
 71315 | Vaults:5 | Noticed a dread lich
 71326 | Vaults:5 | Killed a dread lich
 71593 | Vaults:5 | Identified the ring of the Queen {Fire Dex+4}
 71661 | Vaults:5 | Killed Saint Roka
 71827 | Vaults:5 | Identified the +6 long sword of the Tiger {heavy, rC+
                  | Will+}
 72242 | Vaults:5 | Received a gift from Okawaru
 72490 | Vaults:5 | Identified the +0 leather armour of Kikubaaqudgha's Grace
                  | {rF+}
 72563 | Vaults:5 | Identified the +8 battleaxe of Demonic Tenacity {pain, rN+}
 72816 | Vaults:5 | Got Jotiguets's Folio of Combative Frost
 72959 | Crypt:1  | Entered Level 1 of the Crypt
 73154 | Crypt:1  | Noticed Jory
 73478 | Crypt:1  | Killed Jory
 73693 | Crypt:1  | Noticed Mennas
 73734 | Crypt:1  | Killed Mennas
 73753 | Crypt:1  | Noticed Boris
 73759 | Crypt:1  | Reached XP level 26. HP: 244/246 MP: 33/35
 73760 | Crypt:1  | Killed Boris
 74502 | Crypt:2  | Received a gift from Okawaru
 74616 | Crypt:2  | Identified the ring "Zasuec" {Ice Will+ rCorr}
 74616 | Crypt:2  | Noticed Josephina
 74630 | Crypt:2  | Killed Josephina
 74647 | Crypt:2  | Received a gift from Okawaru
 75288 | Crypt:3  | Entered Level 3 of the Crypt
 75300 | Crypt:3  | Noticed Frederick
 75321 | Crypt:3  | Killed Frederick
 75356 | Crypt:3  | Found the +9 sword of Zonguldrok {reap}
 75359 | Crypt:3  | Received a gift from Okawaru
 75373 | Crypt:3  | Identified the staff of earth "Qaudauc" {rF- rN+ Will+
                  | Str+3}
 75510 | Crypt:2  | Found a basalt altar of Yredelemnul.
 75810 | Crypt:3  | Identified the +0 hat "Jiorub" {rCorr SInv} (Okawaru gifted
                  | it to you on level 3 of the Crypt)
 75810 | Crypt:3  | Received a gift from Okawaru
 76020 | Crypt:3  | Found a staircase to the Tomb.
 76020 | Crypt:3  | Noticed a royal mummy
 76293 | Crypt:3  | Killed a royal mummy
 76978 | Crypt:3  | Reached skill level 10 in Dodging
 78246 | Crypt:3  | Identified the +3 dagger "Ushas" {protect, rC- Dex+6}
 78283 | Crypt:3  | Found an ancient bone altar of Kikubaaqudgha.
 78549 | Crypt:3  | Noticed a dread lich
 78562 | Crypt:3  | Killed a dread lich
 78567 | Crypt:3  | Noticed a dread lich
 78578 | Crypt:3  | Killed a dread lich
 78605 | Crypt:3  | Identified the +4 ring mail of the Spider Nest {rPois rN+
                  | Stlth-}
 79429 | Depths:4 | Killed Doumn's ghost
 79436 | Depths:4 | Reached skill level 10 in Evocations
 79576 | Depths:4 | Identified the staff of earth "Puogupp Ysew" {rElec rC+}
 80042 | D:9      | Gained mutation: You have a pair of small antennae on your
                  | head. [a neqoxec]
 80072 | D:9      | Killed ShnitzelX3's ghost
 80094 | D:9      | Lost mutation: You have a pair of small antennae on your
                  | head. [potion of mutation]
 80094 | D:9      | Lost mutation: You are clumsy. (Dex -2) [potion of
                  | mutation]
 80094 | D:9      | Lost mutation: You have sharp fingernails. [potion of
                  | mutation]
 80094 | D:9      | Gained mutation: Your flesh is very cold resistant. (rC++)
                  | [potion of mutation]
 80168 | D:10     | Killed gelatine's ghost
 80412 | Snake:4  | Killed Drazool's ghost
 81016 | Elf:2    | Reached XP level 27. HP: 236/254 MP: 36/36
 81778 | Vaults:4 | Bought a wand of iceblast (7) for 806 gold pieces
 81778 | Vaults:4 | Bought a potion of curing for 144 gold pieces
 81778 | Vaults:4 | Bought a potion of enlightenment for 240 gold pieces
 81778 | Vaults:4 | Bought a scroll of fog for 192 gold pieces
 81783 | Vaults:4 | Bought a scroll of teleportation for 87 gold pieces
 81938 | D:13     | Bought a scroll of magic mapping for 105 gold pieces
 82048 | Orc:2    | Bought a scroll of teleportation for 39 gold pieces
 82048 | Orc:2    | Bought a scroll of teleportation for 39 gold pieces
 82048 | Orc:2    | Bought a scroll of poison for 52 gold pieces
 82049 | Orc:2    | Bought a potion of invisibility for 104 gold pieces
 82049 | Orc:2    | Bought a potion of mutation for 104 gold pieces
 82049 | Orc:2    | Bought a potion of mutation for 104 gold pieces
 82050 | Orc:2    | Bought a scroll of magic mapping for 105 gold pieces
 82051 | Orc:2    | Bought a scroll of enchant armour for 105 gold pieces
 82051 | Orc:2    | Bought a scroll of poison for 56 gold pieces
 82222 | Depths:1 | Killed an ancient lich
 82267 | Zig:1    | Entered Level 1 of a ziggurat
 82354 | Zig:2    | Entered Level 2 of a ziggurat
 82388 | Zig:3    | Entered Level 3 of a ziggurat
 82421 | Zig:3    | Identified the +2 robe "Ylaymp" {Drain rF++ Int+7}
 82433 | Zig:4    | Entered Level 4 of a ziggurat
 82435 | Zig:4    | Noticed Ruzy the pandemonium lord
 82459 | Zig:4    | Killed from afar by Ruzy the pandemonium lord

Illustrated notes

Levels and vault maps discovered:
D:1:      minmay_arrival_four_houses, layout_basic, minmay_crystal_room,
          hangedman_decor_push, interstate_on_off, nicolae_figureground_sparkle
D:2:      layout_basic, hellmonk_ecumenical_altar_defaced_shrine
D:3:      minmay_general_purpose_star, layout_basic
D:4:      layout_basic, nicolae_overflow_two_pavilions,
          minmay_temple_entry_glass, uniq_eustachio, uniq_ijyb,
          uniq_blork_the_orc, uniq_menkaure
D:5:      layout_gridville, mainiacjoe_overflow_small_starburst,
          gammafunk_ghost_necromancy
D:6:      layout_basic, mainiacjoe_overflow_alcove_1, kennysheep_slug_shrine,
          mainiacjoe_overflow_brackets, minivault_24,
          amcnicky_mini_rare_corridor_liquid, minmay_bent, uniq_sigmund
D:7:      nicolae_whirlpool, layout_cave_pools, ashenzari_conservatory_becter
D:8:      layout_loops_ring, grunt_gozag_breadcrumbs, serial_shops,
          nicolae_stop_n_shop_2
D:9:      layout_roguey, grunt_lair_entry_orc_guard_hut,
          gammafunk_ghost_abyssal_escape, minmay_statue_crystal_thing,
          uniq_pikel
D:10:     layout_loops_ring, david_orc_3, gammafunk_ghost_wrathful_warriors,
          enter_bailey_3, serial_shops, shop, uniq_maurice
D:11:     layout_cave_pools, nicolae_tso_carved_into_rock
D:12:     layout_basic, serial_demonic, serial_demonic_b, serial_demonic_b,
          serial_demonic_a, serial_demonic_e, pond
D:13:     layout_loops_ring, serial_shops, kennysheep_little_box, enter_trove_3,
          st_stairs_7
D:14:     layout_basic, ximxim_vaults_locker_room, wad_floor_pattern_2
D:15:     hangedman_depths_entry_try_elsewhere_first, layout_loops_ring,
          gauntlet_entry_generic, serial_shops, shop, eino_curves_04
Temple:   eino_narrow_crystal_temple
Lair:1:   layout_hall_layers, st_stairs_10, grunt_megastairs_2,
          serial_bayou_shore_b
Lair:2:   layout_chaotic_city, minmay_snake_entry_guardpost_small
Lair:3:   layout_cave_pods, nicolae_swamp_entry_spooky, ice2_lemuel
Lair:4:   layout_gridlike, slime_entry_1, grunt_forest_small_clearing_treed,
          infiniplex_staircase_pool_2
Lair:5:   evil_forest, layout_misc_corridors
Swamp:1:  layout_basic_swamp, evilmike_swamp_ruin_house_2
Swamp:2:  layout_basic_swamp, evilmike_swamp_ruin_house_5, swamp_pool5
Swamp:3:  layout_basic_swamp, nicolae_swamp_feature_on_the_river_bank,
          swamp_pool4, uniq_mlioglotl, uniq_louise
Swamp:4:  swamp, layout_basic_swamp, swamp_pool1
Snake:1:  layout_gridlike, uniq_nikola
Snake:2:  layout_misc_corridors, statue_in_the_mist_lemuel
Snake:3:  layout_onion_interference, nicolae_elevator_lobby_asterisk
Snake:4:  hellmonk_snake_rune_quicksilver_temple, layout_rooms,
          ebering_ghost_disaster_area, nicolae_snake_salamander_zone
Orc:1:    layout_diamond_mine, basic_altar, guppyfry_orc_lava_fort
Orc:2:    st_orc_mages, layout_caves
Elf:1:    layout_geoelf_diagonals, hangedman_corner_corridor
Elf:2:    nicolae_elf_blades_splatter_lattice [nicolae_blade_tridents],
          layout_loops_corners, basic_altar,
          portal_desolation_entry_holy_temple, evilmike_spriggan_trog_shrine
Elf:3:    nooodl_elf_gasket, layout_geoelf_castle, nicolae_elf_stair_hall,
          drop_trap, st_stairs_2
Vaults:1: vaults_room_fours, vaults_standard_mumra_x,
          nicolae_vaults_steering_wheel, nicolae_vaults_off_center_swirl,
          nicolae_vaults_door_testing_chamber, layout_vaults_omnigrid
Vaults:2: minmay_crypt_entry_simple_round, nicolae_vaults_weapon_check,
          v_alt_pattern_5, v_rooms_2, nicolae_vaults_double_plus_1,
          hangedman_vaults_restitches, nicolae_vaults_apartment_2,
          nicolae_vaults_oozy_zoo, hangedman_vaults_slither,
          nicolae_vaults_network_barrier, v_misc_19, vaults_dpeg_encased_lava,
          vaults_room_pool, layout_vaults_omnicross, serial_glass, serial_shops,
          shop, uniq_zenata, uniq_margery, uniq_boris, uniq_asterion
Vaults:3: nicolae_vaults_theta, nicolae_vaults_trapezoid_lopsided_2,
          ontoclasm_vaults_spin, nicolae_vaults_twisting_passages,
          vaults_room_door_ring, v_alt_pattern_6, nicolae_vaults_house_3,
          nicolae_vaults_double_plus_1, nicolae_vaults_closet_pinwheel_1,
          layout_vaults_chaotic_city, serial_shops, shop_fountains
Vaults:4: ebering_ghost_gozag, ontoclasm_vaults_decontamination,
          nicolae_vaults_shock_wave, hangedman_vaults_nails,
          nicolae_vaults_stepped_doors, nicolae_vaults_windows_and_doors_thing,
          ontoclasm_vaults_ring_small, vaults_dpeg_hooks, v_pattern_2,
          nicolae_vaults_ellipses_ellipsis, vaults_mumra_minichess,
          vaults_room_hallway, vaults_mumra_lcd,
          nicolae_vaults_offset_grid_hallway_2, layout_vaults_maze, uniq_sojobo
Vaults:5: serial_shops, uniq_saint_roka
Crypt:1:  layout_misc_corridors, uniq_mennas, uniq_jory
Crypt:2:  layout_misc_corridors, grunt_ministairs_12, lemuel_upstairs_altar,
          uniq_josephina
Crypt:3:  evilmike_haunted_forest, uniq_frederick
Depths:1: layout_roguey, enter_ziggurat_d, minmay_misc_feat_pillars, hell_entry,
          door_vault
Depths:2: hangedman_screamer, layout_basic, pan_entry, hellmouth_3,
          infiniplex_staircase_zigzag_2
Depths:3: hourglass_vault, layout_honeycomb, grunt_pan_entry_zigzag,
          abyss_entry, hangedman_geh_valley, hangedman_decor_growths
Depths:4: grunt_zot_entry_bicorn, layout_cave_shapes, grunt_qazlal_clouds,
          pf_coc_iceberg, pan_entry, gammafunk_ghost_ooze
Zig:4

Skill      XL: |  1  2  3  4  5  6  7  8  9 10 11 12 13 14 15 16 17 18 19 20 21 22 23 24 25 26 |
---------------+-------------------------------------------------------------------------------+-----
Fighting       | 4 5 6 7 9 10 12 14 15 17 18 19 20 21 22 | 22.0
Axes           | 5 6 10 12 14 15 16 18 19 | 19.0
Armour         | 1 2 3 4 6 7 8 9 11 13 14 15 16 18 20 | 20.6
Maces & Flails | 2 3 4 6 7 8 12 | 12.4
Evocations     | 5 7 8 10 | 10.9
Invocations    | 3 8 10 13 14 15 16 17 19 | 19.5
Throwing       | 4 5 8 10 12 13 15 16 17 18 19 | 19.9
Shields        | 7 8 9 11 13 16 18 | 18.8
Dodging        | 9 10 | 10.3
Spellcasting   | |  1.0
Fire Magic     | |  3.2

Action                     |  1- 3 |  4- 6 |  7- 9 | 10-12 | 13-15 | 16-18 | 19-21 | 22-24 | 25-27 || total
---------------------------+-------+-------+-------+-------+-------+-------+-------+-------+-------++-------
  Melee: Hand axe          |   133 |    56 |       |       |       |       |       |       |       ||   189
         War axe           |       |    17 |    35 |   718 |   945 |  1129 |       |       |       ||  2844
         Flail             |       |    48 |   270 |       |       |       |       |       |       ||   318
         Punch             |       |     1 |     5 |    14 |    18 |     5 |       |       |       ||    43
         Morningstar       |       |       |     2 |       |    43 |   160 |       |       |       ||   205
         Battleaxe         |       |       |       |       |       |   214 |       |       |       ||   214
         Eveningstar       |       |       |       |       |       |   442 |   364 |       |       ||   806
         Demon whip        |       |       |       |       |       |       |  1508 |  1721 |  1872 ||  5101
  Throw: Stone             |       |     6 |       |       |       |       |       |       |       ||     6
         Dart              |       |       |       |     1 |    11 |     4 |     5 |     4 |     2 ||    27
         Boomerang         |       |       |       |       |     5 |    70 |   136 |    12 |    58 ||   281
         Javelin           |       |       |       |       |       |     4 |    12 |    68 |   143 ||   227
   Cast: Scorch            |     2 |     2 |       |     9 |       |       |       |       |       ||    13
 Invoke: Fiery Armour      |       |     2 |     4 |     5 |     2 |       |       |       |       ||    13
         Heroism           |       |       |       |       |     7 |    14 |    10 |     5 |    11 ||    47
         Finesse           |       |       |       |       |     4 |     9 |     9 |     5 |     9 ||    36
         Duel              |       |       |       |       |       |     1 |     3 |       |       ||     4
  Evoke: Wand              |       |       |    10 |    10 |       |    30 |    17 |     2 |     3 ||    72
         Lightning rod     |       |       |       |       |       |     4 |     9 |       |     4 ||    17
         Phial of floods   |       |       |       |       |       |     1 |     1 |       |     1 ||     3
         Condenser vane    |       |       |       |       |       |       |       |       |     1 ||     1
    Use: Scroll            |     4 |       |     7 |    16 |     6 |    20 |    11 |     4 |    22 ||    90
         Potion            |       |       |       |       |     5 |    16 |    13 |     3 |    10 ||    47
   Stab: Paralysed         |       |       |     2 |     5 |       |     8 |       |     5 |       ||    20
         Confused          |       |       |       |       |       |     1 |     1 |       |       ||     2
         Invisible         |       |       |       |       |       |       |     6 |       |       ||     6
 Armour: Robe              |     7 |       |       |       |       |       |       |       |       ||     7
         Chain mail        |    27 |    41 |       |       |    26 |  1090 |    42 |       |       ||  1226
         Ring mail         |       |    14 |       |       |       |       |       |       |       ||    14
         Scale mail        |       |    34 |   202 |   452 |   240 |       |       |       |       ||   928
         Plate armour      |       |       |       |       |   351 |       |   144 |   162 |   372 ||  1029
         Quicksilver drago |       |       |       |       |       |       |   415 |       |       ||   415
         Gold dragon scale |       |       |       |       |       |       |       |   335 |     3 ||   338
  Dodge: Dodged            |    54 |    49 |   166 |   355 |   457 |   799 |   606 |   357 |   415 ||  3258
  Block: Kite shield       |       |       |       |       |       |   559 |   759 |   597 |   297 ||  2212
         Tower shield      |       |       |       |       |       |       |       |       |   572 ||   572

Table legend: (Time is in decaauts)
 A = Elapsed time spent in this place.
 B = Non-inter-level travel time spent in this place.
 C = Inter-level travel time spent in this place.
 D = Time resting spent in this place.
 E = Time spent auto-exploring this place.
 F = Levels seen in this place.
 G = Mean time per level.
                   A        B        C        D        E       F      G
               +--------+--------+--------+--------+--------+-----+--------+
         Total |  79142 |  70842 |   8300 |  15579 |  33182 |  57 | 1388.5 |
       Dungeon |  19705 |  16632 |   3073 |   2270 |   9774 |  15 | 1313.7 |
        Temple |    222 |    198 |     24 |      0 |    189 |   1 |  222.0 |
          Lair |   8218 |   7321 |    897 |   1329 |   4397 |   5 | 1643.6 |
         Swamp |   4819 |   4458 |    361 |   1306 |   1657 |   4 | 1204.8 |
     Snake Pit |   9541 |   8834 |    707 |   3012 |   3117 |   4 | 2385.2 |
  Orcish Mines |   3116 |   2442 |    674 |    799 |    926 |   2 | 1558.0 |
   Elven Halls |   5939 |   5478 |    461 |    995 |   2563 |   3 | 1979.7 |
        Vaults |  12564 |  11352 |   1212 |   2549 |   5060 |   5 | 2512.8 |
         Crypt |   5215 |   4862 |    353 |    738 |   2379 |   3 | 1738.3 |
        Depths |   7093 |   6558 |    535 |   1588 |   2885 |   4 | 1773.2 |
      Ziggurat |    171 |    171 |      0 |     69 |      0 |   4 |   42.8 |
        Bailey |    564 |    564 |      0 |    197 |     34 |   1 |  564.0 |
    Desolation |   1512 |   1512 |      0 |    623 |    155 |   1 | 1512.0 |
      Gauntlet |    403 |    403 |      0 |     91 |     45 |   1 |  403.0 |
         Arena |     55 |     55 |      0 |      7 |      0 |   4 |   13.8 |
               +--------+--------+--------+--------+--------+-----+--------+

Top non-repeatable levels by time:
Vaults:2: 3615 daAuts
 Snake:4: 3170 daAuts
 Crypt:3: 3045 daAuts
 Snake:3: 2716 daAuts
Vaults:5: 2706 daAuts
Depths:3: 2465 daAuts
   Elf:3: 2412 daAuts
Vaults:1: 2221 daAuts
   Orc:2: 2165 daAuts
Vaults:4: 2137 daAuts
  Lair:4: 2129 daAuts
    D:10: 2098 daAuts
   Elf:2: 2079 daAuts
    D:14: 2063 daAuts
 Snake:1: 2051 daAuts
